 Dungeon Crawl Stone Soup version 0.21.1-1-g345015f (webtiles) character file.

4979 wojtek the Cleaver (level 10, -1/88 HPs)
             Began as a Minotaur Berserker on Mar 11, 2018.
             Was a High Priest of Trog.
             Slain by Erica
             ... wielding a +4 scimitar of flaming
              (4 damage)
             ... on level 8 of the Dungeon.
             The game lasted 00:13:00 (5615 turns).

wojtek the Cleaver (Minotaur Berserker)             Turns: 5615, Time: 00:13:00

Health: -1/88      AC: 16    Str: 30    XL:     10   Next: 29%
Magic:  0/9        EV:  9    Int:  4    God:    Trog [*****.]
Gold:   359        SH:  4    Dex: 10    Spells: 9/9 levels left

rFire    . . .     SeeInvis .   a - +6 battleaxe (flame)
rCold    . . .     Gourm    .   (shield currently unavailable)
rNeg     . . .     Faith    .   x - +0 plate armour
rPois    .         Spirit   +   (helmet restricted)
rElec    .         Reflect  +   e - scarf {Spirit}
rCorr    .         Harm     .   (no gloves)
MR       .....                  l - +0 pair of boots
Stlth    ..........             C - +4 amulet of reflection
HPRegen  0.24/turn              (no ring)
MPRegen  0.11/turn              (no ring)

@: mighty, berserk cooldown, slowed, very slow
A: retaliatory headbutt, horns 2
a: Berserk, Trog's Hand, Brothers in Arms, Burn Spellbooks, Renounce Religion


You were on level 8 of the Dungeon.
You worshipped Trog.
Trog was extremely pleased with you.
You were very hungry.

You visited 1 branch of the dungeon, and saw 8 of its levels.
You also visited: Sewer and Ossuary.

You collected 769 gold pieces.
You spent 410 gold pieces at shops.

Inventory:

Hand Weapons
 a - a +6 battleaxe of flaming (weapon)
 s - a +0 hunting sling
 M - a +0 war axe
Armour
 e - a scarf of spirit shield (worn)
 k - the -2 large shield of Agnosticism {rF++ Regen+ rCorr Dex-4}
   (You bought it in a shop on level 7 of the Dungeon)

   It affects your dexterity (-4).
   It greatly protects you from fire.
   It increases your rate of regeneration.
   It protects you from acid and corrosion.
 l - a +0 pair of boots (worn)
 x - a +0 plate armour (worn)
 G - the +5 ring mail of the Flute {rN+, unknown}
   (You found it on level 6 of the Dungeon)

   It protects you from negative energy.
Jewellery
 C - a +4 amulet of reflection (around neck)
 O - an uncursed amulet of the gourmand {unknown}
Wands
 n - a wand of acid (11)
 z - a wand of enslavement (10)
 I - a wand of iceblast (13)
 J - a wand of digging (18)
Scrolls
 d - 4 scrolls of remove curse {unknown}
 g - 11 scrolls of identify
 j - 2 scrolls of immolation {unknown}
 m - a scroll of enchant weapon {unknown}
 q - 7 scrolls of magic mapping {unknown}
 t - 2 scrolls of fear {unknown}
 v - 7 scrolls of teleportation
 y - a scroll of amnesia {unknown}
 A - 2 scrolls of noise {unknown}
 B - 3 scrolls of random uselessness {unknown}
 E - 4 scrolls of blinking
 F - 4 scrolls of fog
 L - a scroll of enchant armour {unknown}
Potions
 b - 4 potions of might
 f - 5 potions of heal wounds
 h - a potion of resistance {unknown}
 i - a potion of berserk rage {unknown}
 o - 3 potions of haste
 p - a potion of lignification {unknown}
 r - 4 potions of curing {unknown}
 u - 2 potions of magic {unknown}
 w - a potion of mutation {unknown}
 H - a potion of ambrosia {unknown}
Books
 D - a book of Minor Magic

   Spells                             Type                      Level
   a - Magic Dart                     Conjuration                  1
   b - Blink                          Translocation                2
   c - Call Imp                       Summoning                    2
   d - Slow                           Hexes                        2
   e - Conjure Flame                  Conjuration/Fire             3
   f - Mephitic Cloud                 Conjuration/Poison/Air       3
   Trog disapproves of the use of such an item.
 K - a book of Conjurations

   Spells                             Type                      Level
   a - Magic Dart                     Conjuration                  1
   b - Searing Ray                    Conjuration                  2
   c - Dazzling Spray                 Conjuration/Hexes            3
   d - Fulminant Prism                Conjuration/Hexes            4
   e - Force Lance                    Conjuration/Translocation    4
   f - Iskenderun's Mystic Blast      Conjuration                  4
   Trog disapproves of the use of such an item.
Comestibles
 c - 16 rations
 N - 2 chunks of flesh


   Skills:
 + Level 8.0 Fighting
 * Level 12.1 Axes
 * Level 11.6 Armour
 + Level 3.1 Dodging


You had 9 spell levels left.
You didn't know any spells.

Dungeon Overview and Level Annotations

Branches:
Dungeon (8/15)             Temple (0/1) D:7
   Lair: D:8-11

Altars:
Fedhas
Hepliaklqana
Ru
Sif Muna
Trog

Shops:
D:7 [   D:8 ?%

Annotations:
D:8 Erica


Innate Abilities, Weirdness & Mutations

You reflexively headbutt those who attack you in melee.
You have a pair of horns on your head.


Message History

* * * LOW HITPOINT WARNING * * *
You're too confused!
It was a potion of might.
You feel very mighty all of a sudden.
You feel less confused. You block something's attack.
The hippogriff bites you but does no damage.
The hippogriff misses you. x2; Something hits you.
* * * LOW HITPOINT WARNING * * *
Something burns you.
* * * LOW HITPOINT WARNING * * *
You miss something. You headbutt something!
Your plate armour prevents you from hitting the hippogriff.
The hippogriff barely misses you. You furiously retaliate!
You headbutt the hippogriff!
The hippogriff pecks you but does no damage.
The hippogriff claws you but does no damage.
Something hits you!
* * * LOW HITPOINT WARNING * * *
Something burns you.
You die...

#.#..###....
#.#..# ... .....
#.#..# . ....
#.#..#### #...
..#..(..# #..
###...#.# #..
......#.# #Z#
###..##.# #H#
#.....# #@#
####.####### #.#
............ #)#
####.###########.#
#...............##
#.#.###..........#
...#.#
#..........# ..
#.# #..........#
.. ...
#..........#


You could see a hippogriff and a hound skeleton.

Vanquished Creatures
  A two-headed ogre (D:8)
  Pikel (D:5)
  Grinder (D:3)
  A hippogriff (D:7)
  Menkaure (D:6)
  2 orc warriors
  3 ice beasts
  A slave (D:5)
  A sky beast (D:5)
  2 ogres
  5 centaurs
  A big kobold (D:7)
  Blork the orc (D:5)
  5 bullfrogs
  A scorpion (D:6)
  A water moccasin skeleton (D:6)
  9 wights (D:7)
  4 crimson imps
  3 hounds
  A jelly (D:8)
  A centaur zombie (Ossuary)
  3 orc priests
  A bullfrog skeleton (D:4)
  An iguana (D:4)
  11 orc wizards
  3 worker ants
  A killer bee zombie (D:4)
  4 big kobold zombies (Ossuary)
  2 mummies (Ossuary)
  14 adders
  4 gnolls (D:4)
  9 river rats
  2 oozes
  An adder zombie (D:7)
  5 worms
  A dart slug (D:2)
  5 leopard geckos
  31 orcs
  8 bats
  8 giant cockroaches
  A gnoll zombie (Ossuary)
  4 goblins (D:1)
  2 hobgoblins
  5 jackals (D:3)
  13 kobolds
  4 quokkas
  11 ball pythons
  9 frilled lizards
  2 goblin zombies (Ossuary)
  3 hobgoblin zombies (Ossuary)
  A jackal skeleton (D:4)
  3 orc zombies (Ossuary)
  28 rats
246 creatures vanquished.

Notes
Turn   | Place    | Note
-------+----------+-------------------------------------------
     0 | D:1      | wojtek the Minotaur Berserker began the quest for the Orb.
     0 | D:1      | Reached XP level 1. HP: 19/19 MP: 0/0
    33 | D:1      | Reached skill level 4 in Axes
   156 | D:1      | Reached XP level 2. HP: 26/26 MP: 1/1
   553 | D:2      | Reached XP level 3. HP: 26/31 MP: 2/2
   617 | D:2      | Found a hazy altar of Hepliaklqana.
   769 | D:2      | Reached skill level 5 in Axes
   822 | D:2      | Reached ** piety under Trog
  1204 | D:3      | Noticed an ogre
  1209 | D:3      | Killed an ogre
  1209 | D:3      | Reached XP level 4. HP: 39/39 MP: 3/3
  1209 | D:3      | Reached XP level 5. HP: 45/45 MP: 4/4
  1293 | D:3      | Reached skill level 6 in Axes
  1407 | D:3      | Noticed Grinder
  1421 | D:3      | Killed Grinder
  1421 | D:3      | Reached skill level 5 in Armour
  1421 | D:3      | Reached XP level 6. HP: 51/51 MP: 3/5
  1452 | D:3      | Found a bloodstained altar of Trog.
  1547 | D:3      | Reached skill level 7 in Axes
  1962 | D:4      | Found a sand-covered staircase.
  1986 | Ossuary  | Entered an ossuary
  2012 | Ossuary  | Reached *** piety under Trog
  2031 | Ossuary  | Reached XP level 7. HP: 57/57 MP: 6/6
  2278 | D:4      | Reached skill level 8 in Axes
  2473 | D:4      | Found a sacrificial altar of Ru.
  2607 | D:5      | Entered Level 5 of the Dungeon
  2615 | D:5      | Noticed Pikel
  2640 | D:5      | Killed Pikel
  2640 | D:5      | Reached skill level 5 in Fighting
  2640 | D:5      | Reached skill level 9 in Axes
  2640 | D:5      | Reached XP level 8. HP: 66/68 MP: 5/7
  2662 | D:5      | Found a blossoming altar of Fedhas.
  2804 | D:5      | Noticed Blork the orc
  2814 | D:5      | Killed Blork the orc
  2857 | D:5      | Found a glowing drain.
  2864 | Sewer    | Entered a sewer
  2997 | Sewer    | Reached **** piety under Trog
  3383 | D:5      | Reached skill level 10 in Axes
  3672 | D:5      | Found a deep blue altar of Sif Muna.
  3913 | D:5      | Reached XP level 9. HP: 75/75 MP: 8/8
  3928 | D:6      | Noticed Menkaure
  3957 | D:6      | Killed Menkaure
  4104 | D:6      | Reached ***** piety under Trog
  4137 | D:6      | Got a bloodstained ring mail
  4210 | D:6      | Reached skill level 10 in Armour
  4416 | D:7      | Reached skill level 11 in Axes
  4688 | D:7      | Found Foneoloc's Armour Boutique.
  4828 | D:7      | Found a staircase to the Ecumenical Temple.
  4915 | D:7      | Received a gift from Trog
  4929 | D:7      | Reached XP level 10. HP: 72/86 MP: 6/9
  5287 | D:7      | Bought the -2 large shield of Agnosticism {rF++ Regen+ rCorr Dex-4} for 210 gold pieces
  5330 | D:8      | Found Hisch's Food Shoppe.
  5387 | D:8      | Found Dogufeul's Magic Scroll Shop.
  5527 | D:8      | Bought a scroll of teleportation for 48 gold pieces
  5527 | D:8      | Bought a scroll of blinking for 120 gold pieces
  5527 | D:8      | Bought a scroll of fog for 32 gold pieces
  5584 | D:8      | Noticed Erica
  5584 | D:8      | Noticed a two-headed ogre
  5599 | D:8      | Killed a two-headed ogre
  5599 | D:8      | Reached skill level 12 in Axes
  5615 | D:8      | HP: 3/88 [something (7)]
  5615 | D:8      | Slain by Erica

Skill      XL: |  1  2  3  4  5  6  7  8  9 10 |
---------------+-------------------------------+-----
Axes           | 4 5 6 7 9 10 11 12 | 12.1
Armour         | 4 5 6 8 9 11 | 11.6
Fighting       | 5 6 7 8 |  8.0
Dodging        | 3 |  3.1

Action                   |  1- 3 |  4- 6 |  7- 9 | 10-12 || total
-------------------------+-------+-------+-------+-------++-------
Melee: Hand axe          |    35 |       |       |       ||    35
       Headbutt          |    15 |    18 |    72 |    11 ||   116
       War axe           |    51 |   105 |   367 |     1 ||   524
       Battleaxe         |       |       |       |    49 ||    49
Invok: Berserk           |       |     1 |     4 |     1 ||     6
       Trog's Hand       |       |       |     1 |       ||     1
  Use: Scroll            |       |       |     1 |       ||     1
       Potion            |       |       |       |     2 ||     2
  Eat: Chunk             |     1 |     4 |    13 |     2 ||    20
Armor: Scale mail        |     8 |       |       |       ||     8
       Animal skin       |     1 |       |       |       ||     1
       Chain mail        |    36 |    67 |   106 |       ||   209
       Plate armour      |       |       |    89 |    40 ||   129
Dodge: Dodged            |    39 |    32 |   149 |    30 ||   250
Block: Other             |       |       |    17 |     9 ||    26
       Reflection        |       |       |     5 |     1 ||     6
